 Dungeon Crawl Stone Soup version 0.21-a0-233-g0929f2e (webtiles) character file.

156 JackS81 the Changer (level 5, -2/32 HPs)
             Began as a Halfling Transmuter on Sept 2, 2017.
             Splashed by a jelly's acid (4 damage)
             ... on level 2 of the Dungeon.
             The game lasted 00:10:15 (2181 turns).

JackS81 the Changer (Halfling Transmuter)           Turns: 2181, Time: 00:10:15

Health: -2/32      AC: -10   Str: 11    XL:     5   Next: 64%
Magic:  6/7        EV: 15    Int: 12    God:
Gold:   26         SH:  0    Dex: 15    Spells: 3/7 levels left

rFire    . . .     SeeInvis .     - Unarmed
rCold    . . .     Gourm    .   (shield restricted)
rNeg     . . .     Faith    .   b - +0 robe
rPois    .         Spirit   .   (no helmet)
rElec    .         Reflect  .   (no cloak)
rCorr    .         Harm     .   (no gloves)
MR       .....                  (boots currently unavailable)
Stlth    +.........             (no amulet)
HPRegen  0.10/turn              (no ring)
MPRegen  0.10/turn              (no ring)

@: appendage, corroded
A: talons 3, mutation resistance 1
a: End Transformation


You were on level 2 of the Dungeon.
You were not hungry.
You had grown temporary talons.
You visited 1 branch of the dungeon, and saw 2 of its levels.

You collected 26 gold pieces.

Inventory:

Hand Weapons
 i - a +3 mace of crushing
Missiles
 a - 36 arrows
 e - 85 stones (quivered)
 k - a throwing net
 m - 25 poisoned needles
Armour
 b - a +0 robe (worn)
Scrolls
 f - 2 scrolls of enchant weapon {unknown}
 g - 2 scrolls of identify {unknown}
 h - a scroll of random uselessness {unknown}
 l - a scroll of amnesia {unknown}
Books
 c - a book of Changes

   Spells                             Type                      Level
   a - Beastly Appendage              Transmutation                1
   b - Sticks to Snakes               Transmutation                2
   c - Spider Form                    Transmutation/Poison         3
   d - Ice Form                       Ice/Transmutation            4
   e - Blade Hands                    Transmutation                5


   Skills:
 - Level 0.8 Fighting
 - Level 2.1 Dodging
 - Level 3.0 Unarmed Combat
 - Level 1.5 Spellcasting
 * Level 3.3 Transmutations


You had 3 spell levels left.
You knew the following spells:

 Your Spells              Type           Power        Failure   Level  Hunger
a - Beastly Appendage     Tmut           #.....       7%          1    ##.....
b - Spider Form           Tmut/Pois      #.........   38%         3    ####...


Dungeon Overview and Level Annotations

Branches:
Dungeon (2/15)

Altars:


Innate Abilities, Weirdness & Mutations

You are small and have problems with some larger weapons.
You are somewhat resistant to further mutation.
You have claws for feet.


Message History

You see here a hobgoblin skeleton.
Casting: Beastly Appendage
Confirm with . or Enter, or press ? or * to list all spells.
Your feet morph into talons.
You hit the jelly.
Your hands burn!
The jelly is lightly wounded.
The jelly hits you. The acid corrodes you!
You are splashed with acid!
The acid burns!
* * * LOW HITPOINT WARNING * * *
You hit the jelly but do no damage.
Your hands burn!
* * * LOW HITPOINT WARNING * * *
The jelly is lightly wounded.
The jelly closely misses you.
You hit the jelly. The acid corrodes you!
Your hands burn!
* * * LOW HITPOINT WARNING * * *
You claw the jelly, but do no damage.
The jelly is lightly wounded.
The jelly barely misses you.
You hit the jelly. The acid corrodes you!
Your hands burn!
You die...

###.#.#..#.#.###.#...............
.................................
###.#.##.#############...........
#.#.##.#############...........
###.#.##.##........?##........###
#...#.#..##.P...P÷P.##)####.#.#
#.###.#.###...÷÷P...##.#..#.#.###
#.....#.# #...P.P÷..##....#......
+.....#.###.÷.P.@J..#####.###..##
####.##..##(P...P...##.<.........
.....###.###'#########..#.####..#
###..# #.# ##...)..###..#.# ##.#
#....###.# ########.##..#.# ##..
#.#......# #....'..###.<#.# #...
........)# #....#### ##.#.# #...
##.......# #.......# ..#+# #...
#...##### #....)..# #.. #...


You could see a jelly.

Vanquished Creatures
  2 jellies (D:2)
  An adder (D:2)
  9 oozes (D:2)
  A dart slug (D:1)
  A leopard gecko (D:1)
  A ball python (D:1)
  A bat (D:1)
  3 goblins
  5 hobgoblins
  6 jackals (D:1)
  4 frilled lizards (D:1)
  11 kobolds
  5 rats
50 creatures vanquished.

Vanquished Creatures (others)
  A fungus (D:2)
  7 toadstools (D:2)
8 creatures vanquished.

Grand Total: 58 creatures vanquished

Notes
Turn   | Place    | Note
-------+----------+-------------------------------------------
     0 | D:1      | JackS81 the Halfling Transmuter began the quest for the Orb.
     0 | D:1      | Reached XP level 1. HP: 12/12 MP: 3/3
   121 | D:1      | Reached XP level 2. HP: 14/18 MP: 2/4
   451 | D:1      | Reached XP level 3. HP: 18/22 MP: 3/5
   978 | D:2      | Learned a level 3 spell: Spider Form
  1065 | D:2      | Found a faded altar of an unknown god.
  1272 | D:2      | Reached XP level 4. HP: 23/27 MP: 2/6
  1812 | D:2      | Reached XP level 5. HP: 6/32 MP: 7/7
  2181 | D:2      | Splashed by a jelly's acid

Vault maps used:
D:1:      dpeg_arrival_simpleton_b
D:2:      cheibrodos_fertilizer, chequers_ecumenical_altar_simple

Skill      XL: |  1  2  3  4 |
---------------+-------------+-----
Unarmed Combat | 3 |  3.0
Transmutations | 2 3 |  3.3
Fighting       | |  0.8
Dodging        | |  2.1
Spellcasting   | |  1.5

Action                   |  1- 3 |  4- 6 || total
-------------------------+-------+-------++-------
Melee: Unarmed           |   104 |    66 ||   170
       Kick              |     7 |     9 ||    16
       Headbutt          |     9 |    13 ||    22
       Punch             |       |     2 ||     2
Throw: Stone             |       |     3 ||     3
       Throwing net      |       |     1 ||     1
 Cast: Beastly Appendage |    22 |    10 ||    32
       Spider Form       |     1 |       ||     1
 Stab: Sleeping          |     2 |       ||     2
  Eat: Chunk             |     2 |     1 ||     3
       Bread ration      |       |     1 ||     1
Armor: Robe              |    12 |       ||    12
Dodge: Dodged            |    67 |    41 ||   108

Table legend:
 A = Spawn XP
 B = Non-spawn XP
 C = Spawn XP percentage of total XP
 D = Spawn monster count
 E = Non-spawn monster count
 F = Spawn count percentage of total count
 G = Total turns spent on level
                    A         B        C        D         E        F      G
               +---------+---------+-------+---------+---------+-------+---------
         Total |      13 |     210 |   5.8 |       7 |      43 |  14.0 |  2181
               +---------+---------+-------+---------+---------+-------+---------
           D:1 |      11 |      31 |  26.2 |       6 |      19 |  24.0 |   973
           D:2 |       2 |     179 |   1.1 |       1 |      24 |   4.0 |  1208
               +---------+---------+-------+---------+---------+-------+---------
